 Dungeon Sprint DCSS version 0.22.0-13-g43fe8f2 (webtiles) character file.

1800000 poirepourri the Middleweight Champion (level 16, -61/161 HPs)
             Began as a Ghoul Gladiator on Aug 16, 2018.
             Was a Believer of Makhleb.
             Annihilated by a meat berserker
             ... wielding a +9 battleaxe
              (84 damage)
             ... in the Dungeon (Sprint VIII: "Arena of Blood").
             The game lasted 00:00:28 (18 turns).

poirepourri the Middleweight Champion (GhGl)          Turns: 18, Time: 00:00:28

Health: -61/161    AC:  4    Str: 20    XL:     16   Next: 78%
Magic:  15/15      EV: 31    Int:  3    God:    Makhleb [**....]
Gold:   0          SH:  0    Dex: 15    Spells: 15/15 levels left

rFire    . . .     SeeInvis .     - Unarmed
rCold    + . .     Gourm    .   (no shield)
rNeg     + + +     Faith    .   a - +0 leather armour
rPois    ∞         Spirit   .   b - +0 helmet
rElec    .         Reflect  .   (no cloak)
rCorr    .         Harm     .   (no gloves)
MR       +....     NoTele   +   (no boots)
Stlth    +.........             (no amulet)
HPRegen  0.00/turn              (no ring)
MPRegen  0.14/turn              (no ring)

@: rotting
A: rotting body, claws 1, carnivore, cold resistance 1, negative energy
resistance 3, inhibited regeneration, torment resistance, unbreathing
a: Minor Destruction, Renounce Religion


You were in the Dungeon.
You worshipped Makhleb.
Makhleb was pleased with you.
You were not hungry.

You visited 1 branch

Inventory:

Missiles
 c - 3 throwing nets (quivered)
Armour
 a - a +0 leather armour (worn)
 b - a +0 helmet (worn)
Scrolls
 j - a scroll of blinking
Potions
 e - a potion of curing
 f - a potion of heal wounds
 g - a potion of haste
 h - 2 potions of magic
 i - a potion of berserk rage
Comestibles
 d - a ration


   Skills:
 + Level 19.5 Fighting
   Level 12.5 Axes
 + Level 15.4 Throwing
 + Level 4.3 Armour
 + Level 26.2 Dodging
 O Level 27 Unarmed Combat


You had 15 spell levels left.
You didn't know any spells.
Your spell library was empty.

Dungeon Overview and Level Annotations

Branches:
Dungeon (1/1)

Altars:
Makhleb


Innate Abilities, Weirdness & Mutations

Your body is rotting away.
You thrive on raw meat.
You are immune to poison.
You have sharp fingernails.
You are carnivorous and can eat meat at any time.
Your flesh is cold resistant. (rC+)
You are immune to negative energy. (rN+++)
You do not regenerate when monsters are visible.
You are immune to unholy pain and torment.
You can survive without breathing.


Message History

Unknown command.
You mangle the meat berserker!!
The meat berserker is lightly wounded.
The meat berserker hits you with a +9 battleaxe!!!!
Ouch! That really hurt!
You hear a shout! x3
Unknown command.
Unknown command.
Unknown command.
Unknown command.
You barely miss the meat berserker.
The meat berserker is lightly wounded.
You hear a shout! x4
The meat berserker hits you with a +9 battleaxe!!
* * * LOW HITPOINT WARNING * * *
The bag of meat hits you with a +9 war axe!
* * * LOW HITPOINT WARNING * * *
The meat berserker hits you with a +9 battleaxe!!!!
Ouch! That really hurt!
You die...

...........
......... #.
.....# #.. ....#
.. .###..
...###...
......###).......
......._..)......
....#.oO.)#......
. #_.@O_# .....
#..o..# ..O.
....._..... ...
......###.o......
.###.. ...###. .
#.. ...# #.. o.#
.. ..


You could see 2 meat berserkers and 3 bags of meat.

Vanquished Creatures
  2 ogres (D)
  5 orcs (D)
7 creatures vanquished.

Notes
Turn   | Place    | Note
-------+----------+-------------------------------------------
     0 | D        | Found the +∞ Axe of Woe
     0 | D        | poirepourri the Ghoul Gladiator began the quest for the Orb.
     0 | D        | Reached XP level 1. HP: 17/17 MP: 0/0
     1 | D        | Noticed a bag of meat
     3 | D        | Became a worshipper of Makhleb the Destroyer
     5 | D        | Noticed a bag of meat
     5 | D        | Noticed a meat berserker
     5 | D        | Noticed a meat berserker
     6 | D        | Noticed a bag of meat
     9 | D        | Killed a meat berserker
     9 | D        | Reached skill level 10 in Throwing
     9 | D        | Reached skill level 21 in Unarmed Combat
     9 | D        | Reached XP level 2. HP: 44/44 MP: 1/1
     9 | D        | Reached XP level 3. HP: 50/50 MP: 2/2
     9 | D        | Reached XP level 4. HP: 58/58 MP: 3/3
     9 | D        | Reached XP level 5. HP: 64/64 MP: 4/4
     9 | D        | Reached XP level 6. HP: 72/72 MP: 5/5
     9 | D        | Reached XP level 7. HP: 79/79 MP: 6/6
     9 | D        | Reached XP level 8. HP: 86/86 MP: 7/7
     9 | D        | Reached XP level 9. HP: 93/93 MP: 8/8
     9 | D        | Reached XP level 10. HP: 101/101 MP: 9/9
     9 | D        | Reached XP level 11. HP: 107/107 MP: 10/10
     9 | D        | Reached XP level 12. HP: 115/115 MP: 11/11
     9 | D        | Reached XP level 13. HP: 122/122 MP: 12/12
     9 | D        | Killed a bag of meat
     9 | D        | Reached * piety under Makhleb
     9 | D        | Reached skill level 5 in Axes
     9 | D        | Reached skill level 23 in Unarmed Combat
     9 | D        | Reached XP level 14. HP: 133/133 MP: 13/13
    10 | D        | Killed a bag of meat
    10 | D        | Reached skill level 15 in Fighting
    10 | D        | Reached skill level 1 in Armour
    10 | D        | Reached skill level 24 in Unarmed Combat
    10 | D        | Killed a meat berserker
    10 | D        | Reached skill level 26 in Unarmed Combat
    10 | D        | Reached XP level 15. HP: 76/146 MP: 14/14
    11 | D        | Reached ** piety under Makhleb
    11 | D        | Reached skill level 10 in Axes
    11 | D        | Reached skill level 27 in Unarmed Combat
    11 | D        | Reached XP level 16. HP: 82/157 MP: 15/15
    11 | D        | Noticed a meat berserker
    11 | D        | Noticed a meat berserker
    15 | D        | Reached skill level 15 in Throwing
    18 | D        | Annihilated by a meat berserker

Skill      XL: |  1  2  3  4  5  6  7  8  9 10 11 12 13 14 15 16 |
---------------+-------------------------------------------------+-----
Fighting       | 13 14 16 17 19 | 19.5
Axes           | 4 5 8 10 12 | 12.5
Throwing       | 10 11 13 14 15 | 15.4
Dodging        | 18 20 23 24 26 | 26.2
Unarmed Combat | 21 23 26 27 | 27.0
Armour         | 2 3 4 |  4.3

Action                   |  1- 3 |  4- 6 |  7- 9 | 10-12 | 13-15 | 16-18 || total
-------------------------+-------+-------+-------+-------+-------+-------++-------
Melee: Executioner's axe |     1 |       |       |       |     2 |     1 ||     4
       Unarmed           |       |       |       |       |       |     2 ||     2
Dodge: Dodged            |       |       |       |       |     1 |     1 ||     2
